 Dungeon Crawl Stone Soup version 0.29-a0-271-gd4eb659eea (webtiles) character file.

Game seed: 7654613477608700105

467 Colgate the Vexing (level 6, 0/27 HPs)
             Began as a Spriggan Enchanter on Mar 8, 2022.
             Was an Initiate of Gozag.
             Slain by an ice devil (18 damage)
             ... summoned by Xom
             ... on level 5 of the Dungeon.
             The game lasted 00:23:21 (6453 turns).

Colgate the Vexing (Spriggan Enchanter)             Turns: 6453, Time: 00:23:22

Health: 0/27       AC:  5    Str:  4      XL:     6   Next: 81%
Magic:  13/13      EV: 16    Int: 17      God:    Gozag
Gold:   201        SH:  0    Dex: 10 (11) Spells: 1/13 levels left

rFire   + . .      SeeInvis +   a - +2 dagger (venom)
rCold   . . .      Faith    .   (no shield)
rNeg    . . .      Spirit   .   d - +0 robe
rPois   .          Reflect  .   (helmet restricted)
rElec   .          Harm     .   f - +2 cloak
rCorr   .          Rampage  .   (gloves unavailable)
Will    +....                   (boots unavailable)
Stlth   ++........              j - amulet of the acrobat
HPRegen 0.09/turn               (no ring)
MPRegen 0.13/turn               (no ring)

@: invisible, very quick
A: very small, no large weapons, unfitting armour, see invisible, speed 3,
clumsy 2, dopey 1, fire resistance 1, frail 1
a: Renounce Religion, Potion Petition, Call Merchant, Bribe Branch


You were on level 5 of the Dungeon.
You worshipped Gozag.
Gozag was aware of your devotion.
You visited 2 branches of the dungeon, and saw 6 of its levels.
You also visited: Sewer.

You collected 278 gold pieces.
You paid 77 gold pieces to Gozag.

Inventory:

Hand Weapons
 a - a +2 dagger of venom (weapon)
 b - a +1 short sword of draining
 u - a +2 antimagic dagger
 w - a +0 hand crossbow
 x - a +0 scimitar
Armour
 d - a +0 robe (worn)
 f - a +2 cloak (worn)
Jewellery
 j - an amulet of the acrobat (around neck)
Wands
 t - a wand of mindburst (11)
Scrolls
 h - 2 scrolls of fog
 m - a scroll of torment {unknown}
 o - 3 scrolls of fear
 q - a scroll of noise {unknown}
 r - a scroll of silence {unknown}
 s - a scroll of brand weapon {unknown}
 v - a scroll of amnesia {unknown}
Potions
 c - a potion of invisibility
 g - a potion of cancellation
 i - 4 potions of flight
 k - 3 potions of resistance {@q5}
 l - 2 potions of degeneration
 n - a potion of mutation
 p - a potion of haste {unknown}


   Skills:
 - Level 1.6 Fighting
 - Level 1.1 Short Blades
 - Level 2.6 Dodging
 - Level 4.4 Stealth
 - Level 4.0 Spellcasting
 - Level 5.0 Hexes
 - Level 0.5 Translocations
 + Level 4.8 Air Magic


You had one spell level left.
You knew the following spells:

 Your Spells              Type           Power      Damage    Failure   Level
a - Ensorcelled Hibernat  Hex/Ice        22%        N/A       9%          2
b - Tukima's Dance        Hex            20%        N/A       6%          3
c - Confusing Touch       Hex            20%        N/A       6%          3
d - Summon Lightning Spi  Summ/Air       11%        N/A       50%         4

Your spell library contained the following spells:

 Spells                   Type           Power      Damage    Failure   Level
 Magic Dart               Conj           12%        1d3       16%         1
 Corpse Rot               Necr/Air       22%        N/A       9%          2
 Poisonous Vapours        Pois/Air       22%        N/A       9%          2
 Dazzling Flash           Conj/Hex       22%        N/A       17%         3
 Call Imp                 Summ           3%         N/A       24%         2
 Mephitic Cloud           Conj/Pois/Air  8%         N/A       24%         3
 Summon Forest            Summ/Tloc      2%         N/A       98%         5
 Eringya's Noxious Bog    Tmut/Pois      1%         N/A       100%        6
 Storm Form               Tmut/Air       5%         N/A       100%        7
 Summon Hydra             Summ           1%         N/A       100%        7
 Maxwell's Capacitive Co  Air            10%        ∞         100%        8


Dungeon Overview and Level Annotations

Branches:
Dungeon (5/15)             Temple (1/1) D:5           Sewer (visited)

Altars:
Ashenzari
Cheibriados
Dithmenos
Elyvilon
Gozag
Hepliaklqana
Makhleb
Nemelex Xobeh
Okawaru
Ru
Trog
Vehumet
Wu Jian
Xom
Zin


Innate Abilities, Weirdness & Mutations

You are very small and have problems with some larger weapons.
You are too small for most types of armour.
You have supernaturally acute eyesight. (SInv)
You cover ground extremely quickly. (Speed+++)
You are very clumsy. (Dex -4)
You are dopey. (Int -2)
Your flesh is heat resistant. (rF+)
You are frail. (-10% HP)


Message History

The iron imp laughs crazily.
The quasit barely misses you. The quasit closely misses you. x2
The quasit gives a chilling moan.
You feel much better.
The quasit bites you but does no damage.
The quasit closely misses you.
The quasit claws you but does no damage.
The sun demon closely misses you. The ice devil closely misses you.
The quasit bites you but does no damage.
The quasit barely misses you. The quasit misses you.
The sun demon barely misses you. The shadow imp completely misses you.
The quasit completely misses you. The quasit closely misses you.
The quasit misses you.
The quasit completely misses you. x2; The quasit closely misses you.
You barely miss the quasit. The sun demon completely misses you.
The iron imp spits at you. The quasit closely misses you.
The quasit claws you but does no damage.
The quasit misses you. The ice devil closely misses you.
You miss the quasit. The sun demon hits you!
You are engulfed in flames.
You resist. The quasit misses you.
The quasit claws you but does no damage.
The quasit barely misses you. The quasit misses you.
The quasit barely misses you.
The quasit claws you but does no damage.
Okay, then.
You miss the quasit. The sun demon completely misses you.
The ice devil barely misses you. The shadow imp completely misses you.
The quasit bites you.
* * * LOW HITPOINT WARNING * * *
The quasit closely misses you. The quasit misses you. The sun demon misses you.
You feel much better. The quasit closely misses you. The quasit misses you.
The quasit completely misses you.
The white imp gestures at the quasit.
The puff of frost hits the iron imp.
The iron imp resists.
The ice devil hits you! The ice devil freezes you!!
Ouch! That really hurt!
You die...
Xom giggles madly!
Your body crumbles into a pile of gold.

*,* #.# #.# *############## #.#
#.............# #.#
#.........5...# #.######
#............5# #.#....#
#...........53###Y#....#######
#..........55@45oW.....o...o..
#.........[.55###.#....####.#.
#........###### #.#....# #.#.
#........# #.#########.#.
***#........########.............
,,,..............................
,,,..............................
,**##################.......##...
,,,,* #.#####.##.#.


You could see a sun demon (summoned, can't see you), an ice devil (summoned,
can't see you), a phantom (can't see you), an ice beast (can't see you), 3 iron
imps, 2 quasits, 2 white imps, a shadow imp (summoned, can't see you) and an orc
(can't see you).

Vanquished Creatures
  A black bear (D:5)
  An orc warrior (D:4)
  A scorpion (D:4)
  An orc priest (D:3)
  Jessica (D:3)
  An orc wizard (D:4)
  A hell rat (Sewer)
  3 adders
  A river rat (Sewer)
  A worm (D:3)
  3 dart slugs
  8 orcs
  6 ball pythons
  6 bats
  3 endoplasms
  A giant cockroach (D:4)
  4 goblins
  4 hobgoblins
  4 jackals (D:2)
  4 quokkas
  2 frilled lizards
  5 kobolds
  9 rats
  A spectral kobold (D:2)
72 creatures vanquished.

Vanquished Creatures (collateral kills)
  2 orcs (D:5)
  A kobold (D:4)
3 creatures vanquished.

Vanquished Creatures (others)
  2 dancing weapons
  3 plants (D:5)
5 creatures vanquished.

Grand Total: 80 creatures vanquished

Notes
Turn   | Place    | Note
-------+----------+-------------------------------------------
     0 | D:1      | Colgate the Spriggan Enchanter began the quest for the Orb.
     0 | D:1      | Reached XP level 1. HP: 9/9 MP: 5/5
    79 | D:1      | Reached skill level 4 in Hexes
   418 | D:1      | Reached XP level 2. HP: 13/13 MP: 6/6
   423 | D:1      | Learned a level 2 spell: Ensorcelled Hibernation
   796 | D:2      | Found a faded altar of an unknown god.
   803 | D:2      | Prayed at the altar of an unknown god.
   803 | D:2      | Became a worshipper of Xom of Chaos
   887 | D:2      | XOM: silly message
  1262 | D:2      | XOM: silly message
  1263 | D:2      | Reached skill level 5 in Hexes
  1365 | D:2      | XOM: silly message
  1810 | D:3      | Noticed Jessica
  1812 | D:3      | Reached XP level 3. HP: 16/16 MP: 8/8
  1816 | D:3      | Killed Jessica
  2366 | D:3      | Reached XP level 4. HP: 21/21 MP: 11/11
  2616 | D:3      | Reached skill level 1 in Fighting
  2808 | D:3      | XOM: 5-stop teleportation journey
  2870 | D:3      | XOM: silly message
  3136 | D:3      | XOM: cloud trail
  3181 | D:4      | Learned a level 3 spell: Tukima's Dance
  3185 | D:4      | Learned a level 3 spell: Confusing Touch
  3203 | D:4      | Found a glowing drain.
  3210 | D:4      | Reached skill level 1 in Air Magic
  3223 | Sewer    | Entered a sewer
  3230 | Sewer    | Reached XP level 5. HP: 24/25 MP: 8/12
  3341 | Sewer    | HP: 1/21 [hell rat (2)]
  3348 | Sewer    | XOM: divination: detect items
  3353 | Sewer    | XOM: cleaving
  3363 | Sewer    | XOM: enchant monster (bad)
  3396 | Sewer    | Fell from the grace of Xom
  3930 | D:4      | XOM: give mutations
  3930 | D:4      | Gained mutation: You are frail. (-10% HP) [Xom's mischief]
  3930 | D:4      | Gained mutation: You are clumsy. (Dex -2) [Xom's mischief]
  3930 | D:4      | Gained mutation: You are dopey. (Int -2) [Xom's mischief]
  3930 | D:4      | Gained mutation: You are very clumsy. (Dex -4) [Xom's
                  | mischief]
  4025 | D:4      | Noticed an orc warrior
  4664 | D:3      | XOM: summons 3 hostile shadow creatures
  5017 | D:4      | XOM: chaos cloud
  5031 | D:4      | Killed an orc warrior
  5032 | D:4      | Reached XP level 6. HP: 22/27 MP: 3/13
  5048 | D:4      | Learned a level 4 spell: Summon Lightning Spire
  5111 | D:4      | XOM: stat loss: -2 Dex (9/11)
  5345 | D:5      | Entered Level 5 of the Dungeon
  5381 | D:5      | Found a staircase to the Ecumenical Temple.
  5387 | Temple   | Entered the Ecumenical Temple
  5394 | Temple   | Became a worshipper of Gozag Ym Sagoz the Greedy
  5624 | D:5      | XOM: give mutation
  5624 | D:5      | Gained mutation: Your flesh is heat resistant. (rF+) [Xom's
                  | grace]
  5797 | D:5      | Noticed an ice beast
  6337 | D:5      | XOM: enchant monster (bad)
  6444 | D:5      | XOM: summons 10 hostile demons
  6445 | D:5      | Noticed an ice devil
  6445 | D:5      | Noticed a sun demon
  6453 | D:5      | Slain by an ice devil

Illustrated notes

Levels and vault maps discovered:
D:1:      dpeg_arrival_more_subterranean_lakeside_camping, layout_basic
D:2:      layout_basic, dreamdust_ecumenical_altar_drowned_temple,
          nicolae_elevator_lobby_asterisk
D:3:      layout_loops_cross, uniq_jessica
D:4:      layout_rooms, cheibrodos_sewer_entry_drain
D:5:      layout_basic, minmay_temple_entry_nine_rooms, serial_bayou_pond_b
Temple:   nicolae_temple_no_exploring_needed

Skill      XL: |  1  2  3  4  5  6 |
---------------+-------------------+-----
Hexes          | 4 5 |  5.0
Spellcasting   | 4 |  4.0
Fighting       | 1 |  1.6
Air Magic      | 1 3 4 |  4.8
Short Blades   | |  1.1
Dodging        | |  2.6
Stealth        | |  4.4
Translocations | |  0.5

Action                   |  1- 3 |  4- 6 || total
-------------------------+-------+-------++-------
Melee: Dagger            |    52 |    64 ||   116
       Punch             |     1 |     1 ||     2
       Short sword       |    20 |       ||    20
 Fire: Hand crossbow     |       |    25 ||    25
 Cast: Ensorcelled Hiber |    24 |    49 ||    73
       Tukima's Dance    |       |     6 ||     6
       Confusing Touch   |       |     3 ||     3
Invok: Renounce Religion |       |     1 ||     1
  Use: Scroll            |     6 |     6 ||    12
       Potion            |       |     3 ||     3
 Stab: Sleeping          |    25 |    34 ||    59
Armor: Robe              |     6 |    14 ||    20
Dodge: Dodged            |    59 |   103 ||   162

Table legend: (Time is in decaauts)
 A = Elapsed time spent in this place.
 B = Non-inter-level travel time spent in this place.
 C = Inter-level travel time spent in this place.
 D = Time resting spent in this place.
 E = Time spent auto-exploring this place.
 F = Levels seen in this place.
 G = Mean time per level.
                   A        B        C        D        E       F      G
               +--------+--------+--------+--------+--------+-----+--------+
         Total |   4972 |   4791 |    181 |    392 |   3413 |   7 |  710.3 |
       Dungeon |   4402 |   4221 |    181 |    179 |   3203 |   5 |  880.4 |
        Temple |     10 |     10 |      0 |      0 |      0 |   1 |   10.0 |
         Sewer |    560 |    560 |      0 |    213 |    210 |   1 |  560.0 |
               +--------+--------+--------+--------+--------+-----+--------+

Top non-repeatable levels by time:
     D:3: 1285 daAuts
     D:2: 1024 daAuts
     D:4: 886 daAuts
     D:5: 723 daAuts
   Sewer: 560 daAuts
     D:1: 482 daAuts
  Temple: 10 daAuts
